 Dungeon Crawl Stone Soup version 0.20-a0-222-gb69ddcd (webtiles) character file.

267 KristoblXynda the Sneak (level 6, -4/46 HPs)
             Began as a Vampire Monk on Nov 29, 2016.
             Slain by KristoblXynda's ghost (7 damage)
             ... on level 3 of the Dungeon.
             The game lasted 00:08:19 (2328 turns).

KristoblXynda the Sneak (Vampire Monk)              Turns: 2328, Time: 00:08:20

Health: -4/46      AC:  4    Str: 10 (12) XL:     6   Next: 0%
Magic:  6/6        EV: 14    Int: 16 (17) God:
Gold:   104        SH:  0    Dex: 14 (17) Spells: 5/5 levels left

rFire  . . .     SeeInvis +     a - +0 falchion
rCold  . . .     Gourm    .     b - +0 robe
rNeg   + . .     Faith    .     (no shield)
rPois  .         Spirit   .     e - +0 helmet
rElec  .         Reflect  .     (no cloak)
rCorr  .         Harm     .     (no gloves)
MR     .....                    (no boots)
Stlth  +++.......               (no amulet)
                                (no ring)
                                o - +1 ring of protection

@: brilliant, very slightly contaminated, hasted, drained, very quick
A: fangs 3, see invisible, unbreathing
a: Bat Form


You were on level 3 of the Dungeon.
You were not thirsty.

You visited 1 branch of the dungeon, and saw 3 of its levels.
You also visited: Sewer.

You collected 104 gold pieces.

Inventory:

Hand Weapons
 a - a +0 falchion (weapon)
 n - a +2 dagger of draining
Armour
 b - a +0 robe (worn)
 e - a +0 helmet (worn)
Jewellery
 f - an uncursed ring of protection from cold {unknown}
 o - a +1 ring of protection (left hand)
Scrolls
 j - a scroll of remove curse
Potions
 c - 8 potions of blood
 i - 3 potions of flight


   Skills:
 - Level 2.6(2.2) Fighting
 + Level 4.5(4.0) Long Blades
 + Level 5.1(4.5) Dodging
 + Level 6.1(5.6) Stealth


You had 5 spell levels left.
You didn't know any spells.

Dungeon Overview and Level Annotations

Branches:
Dungeon (3/15)

Altars:
Sif Muna
Uskayaw

Annotations:
D:3 KristoblXynda's ghost, amateur DrMo


Innate Abilities, Weirdness & Mutations

You have razor-sharp teeth.
You have supernaturally acute eyesight. (SInv)
You can survive without breathing.


Message History

You barely miss KristoblXynda's ghost. You bite KristoblXynda's ghost.
KristoblXynda's ghost is severely damaged.
Unknown command.
You closely miss KristoblXynda's ghost.
You bite KristoblXynda's ghost, but do no damage.
KristoblXynda's ghost is severely damaged.
KristoblXynda's ghost hits you.
* * * LOW HITPOINT WARNING * * *
Unknown command.
You hit KristoblXynda's ghost but do no damage.
Your bite misses KristoblXynda's ghost.
KristoblXynda's ghost is severely damaged.
KristoblXynda's ghost closely misses you.
You riposte.
You hit KristoblXynda's ghost but do no damage.
KristoblXynda's ghost is severely damaged.
You barely miss KristoblXynda's ghost.
KristoblXynda's ghost is severely damaged.
KristoblXynda's ghost hits you!
You die...

###.#
#............ #.#
###.##..#.#.. #.##
#_####......#
#..###..###.##.#.#
#.##...#.##.#*....
#.##..#..##.####..
#.##.#..###.......
#W###..###.#......
#@##..#.#####.##..
#.##.#...# ##....
#..#...#.####.##..
#####.#.##.#.###.#
##.##........#
#.####.###### #.#
#.# #.# #.# #.#
#.#


You could see KristoblXynda's ghost.

Vanquished Creatures
  Purgy (Sewer)
  Ijyb (D:2)
  Natasha (D:3)
  Robin (D:2)
  3 adders
  A river rat (D:3)
  3 worms
  5 leopard geckos
  A giant cockroach (D:2)
  15 goblins
  7 hobgoblins
  2 quokkas
  3 ball pythons (D:3)
  8 bats
  9 frilled lizards
  2 kobolds (D:2)
  6 rats
69 creatures vanquished.

Notes
Turn   | Place    | Note
-------+----------+-------------------------------------------
     0 | D:1      | KristoblXynda the Vampire Monk began the quest for the Orb.
     0 | D:1      | Reached XP level 1. HP: 17/17 MP: 1/1
   195 | D:1      | Reached XP level 2. HP: 17/23 MP: 2/2
   760 | D:2      | Reached skill level 4 in Stealth
   760 | D:2      | Reached XP level 3. HP: 14/28 MP: 3/3
   980 | D:2      | Noticed Robin
  1311 | D:2      | Killed Robin
  1394 | D:2      | Reached XP level 4. HP: 24/34 MP: 4/4
  1448 | D:2      | Noticed Ijyb
  1469 | D:2      | Killed Ijyb
  1565 | D:2      | Reached skill level 5 in Stealth
  1751 | D:3      | Found a deep blue altar of Sif Muna.
  1778 | D:3      | Found a glowing drain.
  1809 | Sewer    | Entered a sewer
  1821 | Sewer    | Reached XP level 5. HP: 28/39 MP: 5/5
  1892 | Sewer    | Noticed Purgy
  1929 | Sewer    | Killed Purgy
  1929 | Sewer    | Reached skill level 5 in Dodging
  1929 | Sewer    | Reached skill level 6 in Stealth
  2167 | D:3      | Noticed KristoblXynda's ghost (amateur DrMo)
  2182 | D:3      | Noticed Natasha
  2191 | D:3      | Killed Natasha
  2206 | D:3      | Found a hide-covered altar of Uskayaw.
  2255 | D:3      | Reached XP level 6. HP: 35/46 MP: 6/6
  2328 | D:3      | Slain by KristoblXynda's ghost

Vault maps used:
D:1:      dpeg_arrival_simpleton_c, minivault_14
D:2:      minivault_27, uniq_iyjb, uniq_robin
D:3:      marbit_many_paths, led_sif_book, first_bread, portal_sewer_entry_a,
          nemelex_xobeh_ov_fountains_minmay, uniq_natasha
Sewer:    sewer_co_purgy_island

Skill      XL: |  1  2  3  4  5 |
---------------+----------------+-----
Stealth        | 4 5 6 |  6.1
Dodging        | 4 5 |  5.1
Long Blades    | 4 |  4.5
Fighting       | |  2.6

Action                   |  1- 3 |  4- 6 || total
-------------------------+-------+-------++-------
Melee: Falchion          |    85 |    19 ||   104
       Bite              |    16 |    10 ||    26
       Dagger            |    22 |   113 ||   135
 Abil: End Transformatio |       |     1 ||     1
       Bat Form          |       |     1 ||     1
  Use: Potion            |     2 |    12 ||    14
       Scroll            |       |    10 ||    10
 Stab: Sleeping          |     3 |     2 ||     5
Armor: Robe              |    13 |    17 ||    30
       Skin              |       |    73 ||    73
Dodge: Dodged            |    86 |    78 ||   164
       Rpst.: Falchion   |    17 |     2 ||    19
